 Dungeon Crawl Stone Soup version 0.15.0-31-geb66e34 (webtiles) character file.

34913 Chiseanne the Unseen (level 13, 0/87 HPs)
             Began as a Spriggan Assassin on Sept 13, 2014.
             Was the Champion of Okawaru.
             Slain by a red ugly thing (13 damage)
             ... on Level 14 of the Dungeon.
             The game lasted 01:28:44 (21466 turns).

Chiseanne the Unseen (Spriggan Assassin)           Turns: 21466, Time: 01:28:44

HP   0/87        AC 27     Str  7      XL: 13   Next: 44%
MP  31/31        EV  4     Int 12      God: Okawaru [******]
Gold 891         SH  6     Dex 23      Spells:  0 memorised, 12 levels left

rFire  . . .     SeeInvis +     a - +1 dagger (elec) (curse)
rCold  . . .     Clarity  .     A - melded +1 troll leather armour
rNeg   + + +     rCorr    .     F - +0 buckler
rPois  +         rRot     .     E - +1 hat
rElec  .         Spirit   .     D - melded +1 cloak {rPois} {god gift}
SustAb .         Warding  .     (gloves unavailable)
rMut   .         NoTele   +     (boots unavailable)
Gourm  .                        K - amulet of faith
MR     ++...                    q - ring of stealth
                                j - cursed ring of flight

@: tree-form, very resistant to hostile enchantments, uncannily stealthy
A: unfitting armour, see invisible, herbivore 3, (speed 0), slow metabolism 2
a: Heroism, Finesse, Renounce Religion


You were on level 14 of the Dungeon.
You worshipped Okawaru.
Okawaru was exalted by your worship.
You were full.
You were an animated tree.
You visited 2 branches of the dungeon, and saw 16 of its levels.

You collected 1092 gold pieces.
You spent 201 gold pieces at shops.

Inventory:

Hand weapons
 a - a cursed +1 dagger of electrocution (weapon)
 s - the +4 dagger of Neurosis {god gift, stab, +Inv rPois rC+ Str+3 Stlth++}
   (Okawaru gifted it to you on level 12 of the Dungeon)

   It inflicts extra damage upon your enemies.
   It affects your strength (+3).
   It protects you from cold.
   It protects you from poison.
   It lets you turn invisible.
   It makes you much more stealthy.
 t - a +2 cutlass of electrocution {god gift}
 w - a +0 blowgun
Missiles
 e - 70 poisoned needles
 f - 2 curare-tipped needles
 x - 3 throwing nets
 N - 3 large rocks
 O - 5 tomahawks (quivered)
Armour
 A - a +1 troll leather armour (melded)
 D - a +1 cloak of poison resistance (melded) {god gift}
 E - a +1 hat (worn)
 F - a +0 buckler (worn)
 M - the +1 robe of the Guardian {god gift, +Fly rPois MR++ Str+3}
   (Okawaru gifted it to you on level 14 of the Dungeon)

   It affects your strength (+3).
   It protects you from poison.
   It affects your resistance to hostile enchantments.
   It lets you fly.
Magical devices
 c - a wand of invisibility (1)
 z - a wand of enslavement (0)
Comestibles
 l - 10 bread rations
 m - 7 fruits
 P - 2 royal jellies
Scrolls
 b - 3 scrolls of identify
 d - a scroll of fear
 k - 3 scrolls of recharging
 o - 2 scrolls of vulnerability
 v - 5 scrolls of teleportation
 B - a scroll of blinking
 J - a scroll of remove curse
Jewellery
 h - a cursed ring of invisibility
 j - a cursed ring of flight (left branch)
 q - a ring of stealth (right branch)
 G - an uncursed ring of stealth
 K - an amulet of faith (around neck)
Potions
 g - 2 potions of porridge
 i - 5 potions of brilliance
 p - a potion of poison {unknown}
 r - a potion of curing
 C - a potion of restore abilities {unknown}
 H - a potion of degeneration {unknown}
 I - a potion of might
 L - a potion of resistance
Books
 u - a book of Dreams

   Spells                             Type                      Level
   Ensorcelled Hibernation            Hexes/Ice                    2
   Flight                             Charms/Air                   3
   Phase Shift                        Translocation                5
   Shadow Creatures                   Summoning                    5
   Mass Confusion                     Hexes                        6
   Darkness                           Hexes                        7
 y - a book of Changes

   Spells                             Type                      Level
   Beastly Appendage                  Transmutation                1
   Sticks to Snakes                   Transmutation                2
   Spider Form                        Transmutation/Poison         3
   Ice Form                           Ice/Transmutation            4
   Blade Hands                        Transmutation                5


   Skills:
 * Level 1.9 Fighting
 - Level 10.1 Short Blades
 - Level 2.1 Throwing
 * Level 17.1 Dodging
 * Level 18.8 Stealth
 * Level 0.5 Shields
 - Level 8.0 Invocations
 - Level 12.0 Evocations


You had 12 spell levels left.
You didn't know any spells.

Dungeon Overview and Level Annotations

Branches:
Dungeon (15/15)            Temple (1/1) D:5             Orc (0/4) D:9
   Lair (0/8) D:8          Vaults (0/5) D:13
 Depths: D:15

Altars:
Ashenzari
Cheibriados
Dithmenos
Elyvilon
Fedhas
Kikubaaqudgha
Makhleb
Nemelex Xobeh
Okawaru
Qazlal
Sif Muna
Trog
Vehumet
Xom
Yredelemnul
Zin
The Shining One

Shops:
D:4 %   D:8 [=   D:10 [

Portals:
Trove: D:10 (give wand of heal wounds (8))

Annotations:
D:8 exclusions: ice statue and orange crystal statue


Innate Abilities, Weirdness & Mutations

You are tiny and cannot use many weapons and most armour.
You have supernaturally acute eyesight.
You are a herbivore.
((You cover ground extremely quickly.))
You need consume almost no food.


Message History

Your roots penetrate the ground.
You block the red ugly thing's attack.
You hit the red ugly thing but do no damage.
There is a sudden explosion of sparks!
The red ugly thing is severely wounded.
You hit the red ugly thing.
The red ugly thing is severely wounded.
The red ugly thing bites you but does no damage.
You barely miss the red ugly thing.
The red ugly thing is severely wounded.
You completely miss the red ugly thing.
The red ugly thing is severely wounded.
You block the red ugly thing's attack.
You closely miss the red ugly thing.
The red ugly thing is severely wounded.
You closely miss the red ugly thing.
The red ugly thing is severely wounded.
The red ugly thing bites you!
* * * LOW HITPOINT WARNING * * *
You are engulfed in flames!
You die...

######################
#.....................
######################
######################
#....♣u>..............
#.....................
##################....
#....
##################....
#...........[.........
#.....................
#.....................
#.....................


You could see a red ugly thing.

Vanquished Creatures
  2 hydras (D:13)
  Erica (D:10)
  An ogre mage (D:13)
  2 centaur warriors (D:13)
  Urug (D:14)
  7 hill giants
  3 unseen horrors
  2 harpies
  7 ugly things
  2 griffons
  2 cyclopes (D:14)
  Joseph (D:7)
  A gargoyle (D:13)
  A kobold demonologist (D:11)
  The ghost of hackum the Sneak, an experienced HaFi (D:5)
  4 wandering mushrooms (D:9)
  Grinder (D:5)
  4 two-headed ogres
  A merfolk (shapeshifter) (D:13)
  11 trolls
  3 slime creatures (D:12)
  A blink frog (D:8)
  A boulder beetle (D:13)
  A basilisk (D:14)
  A shadow (D:15)
  A human (shapeshifter) (D:15)
  A wraith (D:15)
  A deep elf mage (D:10)
  13 yaks
  2 wyverns
  4 hippogriffs
  A hill giant skeleton (D:13)
  6 vampire mosquitoes
  2 hungry ghosts
  Edmund (D:7)
  A water moccasin (D:9)
  12 orc warriors
  2 soldier ants (D:13)
  An ogre skeleton (D:11)
  7 sky beasts
  6 ice beasts
  21 centaurs
  A necrophage (D:13)
  5 phantoms
  3 ogres
  A black bear (D:8)
  4 big kobolds
  5 boggarts (D:14)
  18 giant frogs
  3 scorpions
  3 killer bees (D:8)
  A cyclops skeleton (D:10)
  A troll zombie (D:12)
  A wyvern skeleton (D:9)
  10 wights
  A vampire bat (D:8)
  2 oklob saplings (D:9)
  A hippogriff skeleton (D:10)
  A goliath beetle (D:6)
  4 crimson imps
  A centaur zombie (D:9)
  A two-headed ogre zombie (D:7)
  A giant frog skeleton (D:7)
  A hound (D:12)
  A giant frog zombie (D:5)
  A centaur skeleton (D:9)
  9 orc priests
  An iguana (D:8)
  4 jellies
  15 orc wizards
  16 worker ants
  Ijyb (D:2)
  A brain worm zombie (D:14)
  A worker ant zombie (D:11)
  A hound skeleton (D:6)
  3 mummies
  16 adders
  2 shadow imps
  A worm (D:3)
  An orc zombie (D:6)
  An orc skeleton (D:11)
  10 giant geckos
  68 orcs
  26 bats
  5 giant cockroaches
  13 hobgoblins
  12 jackals
  27 kobolds
  2 quokkas
  4 ball pythons
  A giant gecko skeleton (D:6)
  6 giant newts
  7 goblins
  37 rats
506 creatures vanquished.

Vanquished Creatures (collateral kills)
  An ugly thing (D:14)
1 creature vanquished.

Vanquished Creatures (others)
  A centaur (D:13)
1 creature vanquished.

Grand Total: 508 creatures vanquished

Notes
Turn   | Place    | Note
--------------------------------------------------------------
     0 | D:1      | Chiseanne, the Spriggan Assassin, began the quest for the Orb.
     0 | D:1      | Reached XP level 1. HP: 10/10 MP: 2/2
   134 | D:1      | Reached skill level 6 in Stealth
   197 | D:1      | Reached XP level 2. HP: 14/14 MP: 4/4
  1352 | D:2      | Reached XP level 3. HP: 12/18 MP: 6/6
  1581 | D:2      | Noticed Ijyb
  1587 | D:2      | Killed Ijyb
  1587 | D:2      | Reached skill level 7 in Stealth
  1754 | D:2      | Reached XP level 4. HP: 12/22 MP: 8/8
  2791 | D:3      | Reached skill level 5 in Dodging
  3429 | D:3      | Reached XP level 5. HP: 25/25 MP: 10/10
  3811 | D:3      | Reached skill level 8 in Stealth
  4161 | D:4      | Noticed an ogre
  4232 | D:4      | Killed an ogre
  4569 | D:4      | Reached XP level 6. HP: 28/30 MP: 12/12
  4974 | D:4      | Found Nuomeg's Food Emporium.
  4977 | D:4      | Bought a bread ration for 55 gold pieces
  4977 | D:4      | Bought a bread ration for 55 gold pieces
  4977 | D:4      | Bought a slice of pizza for 16 gold pieces
  4977 | D:4      | Bought a bread ration for 55 gold pieces
  5308 | D:5      | Entered Level 5 of the Dungeon
  5352 | D:5      | Reached skill level 9 in Stealth
  5491 | D:5      | Reached skill level 1 in Evocations
  5533 | D:5      | Found a stormy altar of Qazlal.
  5533 | D:5      | Found a basalt altar of Yredelemnul.
  5557 | D:5      | Noticed Grinder
  5580 | D:5      | Paralysed by Grinder for 7 turns
  5590 | D:5      | Noticed hackum's ghost (experienced HaFi)
  5615 | D:5      | Killed hackum's ghost
  5618 | D:5      | Paralysed by Grinder for 5 turns
  5628 | D:5      | Killed Grinder
  5628 | D:5      | Reached XP level 7. HP: 25/33 MP: 15/17
  5644 | D:5      | Found an ancient bone altar of Kikubaaqudgha.
  5644 | D:5      | Found a blossoming altar of Fedhas.
  5648 | D:5      | Found a sparkling altar of Nemelex Xobeh.
  6437 | D:5      | Found a staircase to the Ecumenical Temple.
  6450 | Temple   | Entered the Ecumenical Temple
  6558 | Temple   | Became a worshipper of Warmaster Okawaru
  6615 | D:5      | Reached skill level 10 in Stealth
  7016 | D:6      | Reached XP level 8. HP: 20/37 MP: 20/20
  7576 | D:6      | Reached skill level 5 in Evocations
  7764 | D:6      | Acquired Okawaru's first power
  7812 | D:6      | Reached skill level 5 in Short Blades
  8030 | D:6      | Reached skill level 11 in Stealth
  8554 | D:7      | Noticed Edmund
  8598 | D:7      | Killed Edmund
  8619 | D:7      | Reached XP level 9. HP: 39/41 MP: 23/23
  8666 | D:7      | Noticed Joseph
  8689 | D:7      | Killed Joseph
  8689 | D:7      | Reached skill level 10 in Dodging
  8904 | D:7      | Reached skill level 12 in Stealth
  9456 | D:8      | Found a staircase to the Lair.
  9870 | D:8      | Found Kletumoc's Antique Armour Emporium.
 10164 | D:8      | Found Vuchyx's Jewellery Emporium.
 10177 | D:8      | Bought a cursed amulet of inaccuracy for 20 gold pieces
 10188 | D:8      | Found a basalt altar of Yredelemnul.
 10213 | D:8      | Noticed an orange crystal statue
 10877 | D:8      | Noticed an ice statue
 11748 | D:9      | Reached skill level 13 in Stealth
 11748 | D:9      | Reached XP level 10. HP: 42/46 MP: 26/26
 13081 | D:9      | Found a staircase to the Orcish Mines.
 13192 | D:9      | Found a blossoming altar of Fedhas.
 13197 | D:9      | Reached skill level 10 in Evocations
 13443 | D:9      | Reached skill level 14 in Stealth
 14114 | D:9      | Acquired Okawaru's second power
 14259 | D:10     | Entered Level 10 of the Dungeon
 14536 | D:10     | Found Monoism's Antique Armour Shoppe.
 14542 | D:10     | Reached XP level 11. HP: 49/49 MP: 28/28
 14762 | D:10     | Noticed Erica
 14773 | D:10     | Killed Erica
 14790 | D:10     | Noticed a hill giant
 14792 | D:10     | Killed a hill giant
 14792 | D:10     | Received a gift from Okawaru
 14963 | D:10     | Found a sparkling altar of Nemelex Xobeh.
 14990 | D:10     | Noticed a hill giant
 14996 | D:10     | Killed a hill giant
 15057 | D:10     | Found a portal to a secret trove of treasure.
 15408 | D:11     | Noticed an unseen horror
 15413 | D:11     | Killed an unseen horror
 15413 | D:11     | Reached skill level 15 in Stealth
 15774 | D:11     | Reached skill level 10 in Short Blades
 15833 | D:11     | Found an ancient bone altar of Kikubaaqudgha.
 16416 | D:11     | Found a deep blue altar of Sif Muna.
 16550 | D:12     | Noticed a hill giant
 16551 | D:12     | Noticed a hill giant
 16584 | D:12     | Killed a hill giant
 16584 | D:12     | Reached skill level 1 in Invocations
 16655 | D:12     | Killed a hill giant
 17267 | D:12     | Received a gift from Okawaru
 17270 | D:12     | Got a crude dagger {god gift}
 17271 | D:12     | Identified the +4 dagger of Neurosis {god gift, stab, +Inv rPois rC+ Str+3 Stlth++} (Okawaru gifted it to you on level 12 of the Dungeon)
 17413 | D:12     | Reached skill level 16 in Stealth
 17430 | D:12     | Reached XP level 12. HP: 53/53 MP: 30/30
 17688 | D:12     | Found a bloodstained altar of Trog.
 18605 | D:13     | Noticed a four-headed hydra
 18610 | D:13     | Noticed an ogre mage
 18616 | D:13     | Found a gate to the Vaults.
 18746 | D:13     | Noticed a centaur warrior
 18867 | D:13     | Killed an ogre mage
 18867 | D:13     | Reached skill level 15 in Dodging
 18930 | D:13     | Received a gift from Okawaru
 19187 | D:13     | Killed a centaur warrior
 19187 | D:13     | Reached skill level 17 in Stealth
 19187 | D:13     | Reached skill level 5 in Invocations
 19200 | D:13     | Killed a four-headed hydra
 19407 | D:13     | Noticed a centaur warrior
 19408 | D:13     | Noticed a five-headed hydra
 19444 | D:13     | Killed a five-headed hydra
 19466 | D:13     | Killed a centaur warrior
 19766 | D:13     | Reached skill level 18 in Stealth
 19936 | D:14     | Noticed Urug
 19950 | D:14     | Reached XP level 13. HP: 57/57 MP: 31/31
 19987 | D:14     | Killed Urug
 20057 | D:14     | Found a shadowy altar of Dithmenos.
 20106 | D:14     | Received a gift from Okawaru
 20107 | D:14     | Got a dull robe {god gift}
 20127 | D:14     | Identified the +1 robe of the Guardian {god gift, +Fly rPois MR++ Str+3} (Okawaru gifted it to you on level 14 of the Dungeon)
 21225 | D:15     | Entered Level 15 of the Dungeon
 21466 | D:14     | Slain by a red ugly thing

Action                   |  1- 3 |  4- 6 |  7- 9 | 10-12 | 13-15 || total
-------------------------+-------+-------+-------+-------+-------++-------
Melee: Dagger            |   124 |   236 |   518 |  1034 |   291 ||  2203
 Fire: Blowgun           |       |    12 |    38 |    86 |       ||   136
Throw: Tomahawk          |       |       |       |       |     2 ||     2
 Abil: Evoke Invisibilit |       |       |       |     4 |       ||     4
Evoke: Wand              |       |       |     1 |    11 |    10 ||    22
  Use: Scroll            |     5 |     6 |     5 |     7 |     2 ||    25
       Potion            |       |     4 |     3 |     3 |     2 ||    12
 Stab: Sleeping          |     4 |    22 |    26 |    50 |    12 ||   114
       Distracted        |     3 |       |     4 |     8 |     2 ||    17
       Invisible         |       |       |       |    15 |     7 ||    22
  Eat: Royal jelly       |       |     1 |       |       |       ||     1
       Pizza             |       |       |     1 |       |       ||     1
       Bread ration      |       |       |     1 |       |       ||     1
       Fruit             |       |       |       |    20 |       ||    20
